 Dungeon Crawl Stone Soup version 0.29-a0-72-g1732ff48e7 (webtiles) character file.

Game seed: 17057322671112510509

232 esteth the Caller (level 5, -7/21 HPs)
             Began as a Felid Summoner on Feb 2, 2022.
             Was an Initiate of Sif Muna.
             Killed by divine providence
             ... invoked by an orc priest
              (17 damage)
             ... on level 4 of the Dungeon on Feb 3, 2022.
             The game lasted 00:12:41 (4725 turns).

esteth the Caller (Felid Summoner)                  Turns: 4725, Time: 00:12:42

Health: -7/21      AC:  1    Str:  4    XL:     5   Next: 73%
Magic:  8/12       EV: 17    Int: 18    God:    Sif Muna [......]
Gold:   125        SH:  0    Dex: 17    Spells: 3/12 levels left
                                        Lives:  0   Deaths: 1

rFire   . . .      SeeInvis +   (weapon unavailable)
rCold   . . .      Faith    .   (shield unavailable)
rNeg    . . .      Spirit   .   (armour unavailable)
rPois   .          Reflect  .   (helmet unavailable)
rElec   .          Harm     .   (cloak unavailable)
rCorr   .          Rampage  .   (gloves unavailable)
Will    .....                   (boots unavailable)
Stlth   +++.......              (no amulet)
HPRegen 0.07/turn               (no ring)
MPRegen 0.13/turn               (no ring)

@: quick
A: very small, claws 1, fangs 3, see invisible, speed 1, shaggy fur 1, stealthy
paws, no weapons or thrown items, no armour, multi-lived
a: Renounce Religion


You were on level 4 of the Dungeon.
You worshipped Sif Muna.
Sif Muna was noncommittal.
You visited 2 branches of the dungeon, and saw 5 of its levels.

You collected 125 gold pieces.

Inventory:

Scrolls
 b - 8 scrolls of identify
 c - a scroll of torment {unknown}
 d - a scroll of noise {unknown}
 f - a scroll of blinking {unknown}
 g - a scroll of magic mapping {unknown}
Potions
 a - a potion of curing
 e - a potion of berserk rage {unknown}


   Skills:
 - Level 2.6 Dodging
 - Level 5.0 Stealth
 - Level 4.0 Spellcasting
 + Level 2.9 Hexes
 - Level 5.0 Summonings
 - Level 1.1 Air Magic


You had 3 spell levels left.
You knew the following spells:

 Your Spells              Type           Power      Damage    Failure   Level
a - Summon Small Mammal   Summ           84%        N/A       1%          1
b - Call Imp              Summ           21%        N/A       2%          2
c - Call Canine Familiar  Summ           21%        N/A       5%          3
d - Tukima's Dance        Hex            14%        N/A       13%         3

Your spell library contained the following spells:

 Spells                   Type           Power      Damage    Failure   Level
 Summon Guardian Golem    Hex/Summ       17%        N/A       9%          3
 Summon Lightning Spire   Summ/Air       14%        N/A       38%         4
 Anguish                  Hex/Necr       4%         N/A       63%         4
 Enfeeble                 Hex            7%         N/A       100%        7


Dungeon Overview and Level Annotations

Branches:
Dungeon (4/15)             Temple (1/1) D:4

Altars:
Ashenzari
Cheibriados
Dithmenos
Elyvilon
Gozag
Hepliaklqana
Kikubaaqudgha
Ru
Sif Muna
Uskayaw
The Shining One

Shops:
D:2 (


Innate Abilities, Weirdness & Mutations

You have sharp claws.
You have razor-sharp teeth.
You have supernaturally acute eyesight. (SInv)
You cover ground quickly. (Speed+)
You are covered in fur. (AC +1)
Your paws help you pounce on unaware monsters.
You are incapable of wielding weapons or throwing items.
You cannot wear armour.
You gain extra lives every three experience levels.


Message History

Press: ? - help, Dir - move target, f - orc warrior
Aim: an orc warrior, wielding a +0 short sword and wearing a +0 chain mail (ally target) Attack!
Your shadow imp hits the orc priest.
The orc priest closely misses your shadow imp.
The orc priest invokes the aid of Beogh against you.
Beogh smites you!
Ouch! That really hurt!
An orc wizard comes into view. It is wielding a +0 dagger.
The orc warrior hits your shadow imp with a +0 short sword.
Something misses your shadow imp.
Your shadow imp hits the orc warrior but does no damage.
The orc warrior hits your shadow imp with a +0 short sword.
The orc hits your shadow imp with a +0 club.
Your hound misses the orc warrior.
Something closely misses your shadow imp.
Your hound bites the orc warrior.
The orc wizard gestures wildly while chanting.
The orc wizard flickers and vanishes for a moment.
Your shadow imp gestures at the orc warrior.
The orc warrior writhes in agony!
The orc warrior hits your shadow imp with a +0 short sword!
Your shadow imp dies!
Your shadow imp disappears in a puff of smoke!
The orc hits your hound with a +0 club.
Your hound closely misses the orc warrior.
The orc hits your hound with a +0 club.
Your hound closely misses the orc.
What are your orders? t - Meow!
Orders for allies: a - Attack new target. p - Attack previous target. r - Retreat! s - Stop attacking. g - Guard the area. f - Follow me.
Anything else - Cancel.
Gang up on whom?
Press: ? - help, Dir - move target, f - orc priest, p - orc warrior
Aim: an orc priest, wielding a +0 trident and wearing a +0 leather armour Attack!
Your hound bites the orc priest.
The orc priest calls down the wrath of Beogh upon you.
Beogh smites you!
Ouch! That really hurt!
You die...

. ####....# ##.#
O
.######8>8....#
#..# #. ###
.....)...#.####
#.##
<..#######..##.#
#.
...............#
#.
...ooh########.#
#. ....oo.##
#.>.# #. #..##
#.### #.
##.@###.# #.
##.$.#.#####
###.......#
#.#####.# #.#
..# .... ..##.
##. #


You could see an orc warrior, an orc priest (ally target), an orc wizard
(invisible), an orc and a friendly hound (summoned).

Vanquished Creatures
  2 gnolls
  An adder (D:2)
  An orc (D:3)
  3 endoplasms
  4 giant cockroaches
  2 goblins
  2 hobgoblins (D:2)
  A jackal (D:1)
  4 ball pythons
  6 bats
  7 frilled lizards (D:2)
  3 rats
36 creatures vanquished.

Vanquished Creatures (collateral kills)
  An ogre (D:4)
  A hound (D:4)
  A jelly (D:4)
  3 adders (D:2)
  5 gnolls
  A worm (D:3)
  3 orcs (D:3)
  An endoplasm (D:3)
  A giant cockroach (D:3)
  3 hobgoblins
  3 jackals (D:1)
  3 bats
  5 frilled lizards
  A goblin (D:3)
  A kobold (D:1)
  A rat (D:3)
34 creatures vanquished.

Vanquished Creatures (others)
  7 plants (D:2)
7 creatures vanquished.

Grand Total: 77 creatures vanquished

Notes
Turn   | Place    | Note
-------+----------+-------------------------------------------
     0 | D:1      | esteth the Felid Summoner began the quest for the Orb.
     0 | D:1      | Reached XP level 1. HP: 7/7 MP: 4/4
   426 | D:1      | Reached XP level 2. HP: 5/11 MP: 3/6
  1341 | D:2      | Found Bipse's Weapon Emporium.
  1347 | D:2      | Reached XP level 3. HP: 13/14 MP: 5/7
  1785 | D:2      | Learned a level 2 spell: Call Imp
  1789 | D:2      | Learned a level 3 spell: Call Canine Familiar
  2034 | D:2      | Reached XP level 4. HP: 13/18 MP: 9/9
  3135 | D:3      | Found a broken altar of Ashenzari.
  3707 | D:3      | Reached XP level 5. HP: 12/21 MP: 7/10
  4041 | D:3      | Found a faded altar of an unknown god.
  4191 | D:3      | Reached skill level 1 in Air Magic
  4278 | D:3      | Upgraded the game from 0.29-a0-43-g62a80824bf to
                  | 0.29-a0-72-g1732ff48e7
  4314 | D:4      | Noticed an ogre
  4433 | D:4      | Slain by a scorpion
  4434 | D:4      | Reached XP level 4. HP: -1/18 MP: 6/9
  4442 | D:4      | Found a staircase to the Ecumenical Temple.
  4454 | Temple   | Entered the Ecumenical Temple
  4578 | Temple   | Became a worshipper of Sif Muna the Loreminder
  4600 | D:4      | Reached skill level 5 in Stealth
  4600 | D:4      | Reached skill level 5 in Summonings
  4612 | D:4      | Killed an ogre
  4613 | D:4      | Reached XP level 5. HP: 21/21 MP: 2/12
  4617 | D:4      | Learned a level 3 spell: Tukima's Dance
  4714 | D:4      | Noticed an orc warrior
  4725 | D:4      | Killed from afar by an orc priest

Illustrated notes

Levels and vault maps discovered:
D:1:      onia_arrival_pyramid, layout_loops_ring, nrook_uturn
D:2:      layout_loops_ring, serial_shops, shop, minmay_lizard_king
D:3:      layout_rooms, cheibrodos_ashenzari_chains,
          shapermc_ecumenical_altar_totnotflames, minmay_circle_x
D:4:      layout_rooms, temple_statues, gup_ossuary_entry_pyramid
Temple:   compressed_dpeg_circular_temple

Skill      XL: |  1  2  3  4  5 |
---------------+----------------+-----
Stealth        | 3 4 5 |  5.0
Spellcasting   | 4 |  4.0
Air Magic      | 1 |  1.1
Summonings     | 5 |  5.0
Hexes          | 2 |  2.9
Dodging        | |  2.6

Action                   |  1- 3 |  4- 6 || total
-------------------------+-------+-------++-------
Melee: Unarmed           |    64 |    75 ||   139
       Bite              |     6 |     7 ||    13
       Punch             |     1 |     1 ||     2
 Cast: Summon Small Mamm |    20 |     9 ||    29
       Call Imp          |     2 |    25 ||    27
       Call Canine Famil |     1 |     4 ||     5
  Use: Potion            |     2 |       ||     2
       Scroll            |       |     2 ||     2
 Stab: Sleeping          |     5 |     5 ||    10
       Distracted        |     2 |       ||     2
Armor: Skin              |     5 |     1 ||     6
Dodge: Dodged            |    64 |    80 ||   144

Table legend: (Time is in decaauts)
 A = Elapsed time spent in this place.
 B = Non-inter-level travel time spent in this place.
 C = Inter-level travel time spent in this place.
 D = Time resting spent in this place.
 E = Time spent auto-exploring this place.
 F = Levels seen in this place.
 G = Mean time per level.
                   A        B        C        D        E       F      G
               +--------+--------+--------+--------+--------+-----+--------+
         Total |   4287 |   4233 |     54 |    922 |   2550 |   5 |  857.4 |
       Dungeon |   4181 |   4133 |     48 |    922 |   2478 |   4 | 1045.2 |
        Temple |    106 |    101 |      5 |      0 |     72 |   1 |  106.0 |
               +--------+--------+--------+--------+--------+-----+--------+

Top non-repeatable levels by time:
     D:2: 1782 daAuts
     D:1: 1062 daAuts
     D:3: 1061 daAuts
     D:4: 275 daAuts
  Temple: 106 daAuts
